 Dungeon Crawl Stone Soup version 0.20-a0-256-gabb291d (webtiles) character file.

40 Gorfmaster the Slasher (level 3, -1/29 HPs)
             Began as a Formicid Chaos Knight on Dec 1, 2016.
             Slain by a gnoll
             ... wielding a +0 flail
              (10 damage)
             ... on level 2 of the Dungeon.
             The game lasted 00:03:33 (785 turns).

Gorfmaster the Slasher (Formicid Chaos Knight)       Turns: 785, Time: 00:03:33

Health: -1/29      AC:  6    Str: 16    XL:     3   Next: 72%
Magic:  3/3        EV:  9    Int: 11    God:    Xom [..*...]
Gold:   26         SH:  0    Dex: 11    Spells: 2/2 levels left

rFire  . . .     SeeInvis +     a - +0 falchion (chaos)
rCold  + . .     Gourm    .     i - +0 scale mail
rNeg   . . .     Faith    .     (no shield)
rPois  .         Spirit   .     (helmet unavailable)
rElec  .         Reflect  .     (no cloak)
rCorr  .         Harm     .     (no gloves)
MR     .....                    (no boots)
Stlth  ..........               (no amulet)
                                (no ring)
                                b - ring of protection from cold

@: no status effects
A: permanent stasis, dig shafts and tunnels, four strong arms, antennae 3
a: Dig, Shaft Self, Renounce Religion


You were on level 2 of the Dungeon.
You worshipped Xom.
You were a toy of Xom.
You were not hungry.

You visited 1 branch of the dungeon, and saw 2 of its levels.

You collected 26 gold pieces.

Inventory:

Hand Weapons
 a - a +0 falchion of chaos (weapon)
Armour
 i - a +0 scale mail (worn)
Jewellery
 b - a ring of protection from cold (left hand)
Scrolls
 d - a scroll of fog {unknown}
 e - 2 scrolls of identify
 k - a scroll of remove curse {unknown}
Potions
 g - a potion of curing
 h - 2 potions of brilliance {unknown}
 j - a potion of magic
Comestibles
 c - a bread ration
 f - a chunk of flesh


   Skills:
 - Level 3.2 Fighting
 + Level 4.4 Long Blades
 - Level 2.1 Armour
 - Level 0.8 Dodging


You had 2 spell levels left.
You didn't know any spells.

Dungeon Overview and Level Annotations

Branches:
Dungeon (2/15)

Altars:

Annotations:
D:1 1 runed door


Innate Abilities, Weirdness & Mutations

You cannot be hasted, slowed, berserked, paralysed or teleported.
You can dig through walls and to a lower floor.
Your four strong arms can wield two-handed weapons with a shield.
You have a pair of large antennae on your head. (SInv)


Message History

The gnoll is severely wounded.
The gnoll hits you with a club.
* * * LOW HITPOINT WARNING * * *
You barely miss the gnoll.
The gnoll is severely wounded.
There is a large open door here.
Things that are here:
a whip; a gnoll corpse The gnoll seems less confused.
You barely miss the gnoll.
The gnoll is severely wounded.
The gnoll hits the gnoll but does no damage.
There is a large open door here.
Things that are here:
a whip; a gnoll corpse
There is a large open door, spattered with blood here.
You hit the gnoll.
The gnoll is severely wounded.
The gnoll hits you with a flail!
You die...

......#......รท.#...............
......#........#............####
...............#..........
.......##....###........
....?.................. .
.....................# ...
....###.........#....#....
................##......#
...!............@g......+
#...............##.g....#
................##<.......
...............###........
...............# .........
.......##?.....# ....#....
.......##......# .........
.#......#......#...$......
.#......#......#


You could see 2 gnolls.

Vanquished Creatures
  A gnoll (D:2)
  A ball python (D:1)
  4 bats
  A giant cockroach (D:1)
  2 goblins (D:1)
  4 hobgoblins (D:1)
  4 jackals (D:2)
  4 frilled lizards (D:1)
  4 kobolds
  3 rats
28 creatures vanquished.

Notes
Turn   | Place    | Note
-------+----------+-------------------------------------------
     0 | D:1      | Gorfmaster the Formicid Chaos Knight began the quest for the Orb.
     0 | D:1      | Reached XP level 1. HP: 18/18 MP: 1/1
     1 | D:1      | Found a runed door.
     1 | D:1      | Noticed a jelly
    60 | D:1      | Reached XP level 2. HP: 23/24 MP: 2/2
   367 | D:2      | Reached skill level 4 in Long Blades
   367 | D:2      | Reached XP level 3. HP: 29/29 MP: 3/3
   558 | D:2      | XOM: harmless Chrm miscast
   768 | D:2      | XOM: harmless Tloc miscast
   785 | D:2      | Slain by a gnoll

Vault maps used:
D:1:      dpeg_arrival_caged_fury
D:2:      uniq_terence

Skill      XL: |  1  2 |
---------------+-------+-----
Long Blades    | 4 |  4.4
Fighting       | |  3.2
Armour         | |  2.1
Dodging        | |  0.8

Action                   || total
-------------------------++-------
Melee: Falchion          ||    92
  Use: Scroll            ||     6
 Stab: Confused          ||     1
Armor: Scale mail        ||    37
       Leather armour    ||     5
Dodge: Dodged            ||    57
       Rpst.: Falchion   ||    18
